AoeStats
← catchchez

Four Lakes

510144509Analyzed
1v1 RM · 4d ago on Sep 29, 2026· 29m 52s· 2 players
Game mode
Random Map
Map size
Tiny (2 player)
Population
200
Speed
Normal
Resources
Standard
Victory
Conquest
Starting age
Dark Age
Ending age
Imperial Age
RankedLock teamsTeams togetherTeam positionsShared explorationLock speedFull tech treeHidden civsTurbo modeCheats
Victory
Defeat
🇮🇳 Koreans · India
708
+15
🇹🇷 Huns · Türkiye
680
-15
genemioguz
10:55 Feudal Age
14:17 Loom
19:21 Wheelbarrow
20:04 Double-Bit Axe
22:50 Stone Mining
23:50 Fishing Lines
26:30 Castle Age
25:14 Gold Mining
27:58 Forging
27:53 Scale Barding Armor
27:40 Fletching
27:50 Gillnets
29:53 Town Watch
catchchez
2:39 Loom
11:49 Feudal Age
12:10 Man-at-Arms
18:02 Fletching
19:51 Double-Bit Axe
24:27 Castle Age
24:33 Crossbowman
Connection lost

Rejoining the realm…

Still unreachable

The connection could not be restored.

Session expired

The server has moved on; the page needs a fresh start.